cohdb
Replays
Latest Replays
All Replays
Popular Replays
Top Player Replays
Match Explorer
How It Works
Community
CoH3 Stats
Reddit
Sign in to upload your games and track your stats! →
Sign in with Steam
Match 44902223
Unlisted
Match 44902223
Overview
Messages
Build Orders
End
Kradschützen Motorcycle Team
Panzerpioneer Squad
Panzerpioneer Squad
Selects Armored Support Battlegroup
Construct Light Support Kompanie
250 Light Carrier
Combat Half-tracks
MG34 Team
250 Light Carrier
Selects Veteran Gunners
Fire Support Elements
Flakvierling Half-track
Panzerjäger Mechanized Group
Selects Salvage Kits
2.5-tonne Medical Truck
Pak 38 Anti-tank Gun Team
Vehicle Survival Package
Construct Panzerarmee Kommand
Assault Mechanized Group
Panzer III L Medium Tank
Emergency Repair Kits
Selects Panzer Storm
Selects Stuka Anti-tank Loiter
Panzer III L Medium Tank
Rapid Advance
Panzer III L Medium Tank
Stuka Anti-tank Loiter
Gwangju's Hero Chun Doo-gwang
Demi
The_Jonny_Boy94
Hanzawilhelm Longbowman of Crécy
0
0
Comments
sign in to comment!
No comments posted yet!